 Dungeon Crawl Stone Soup version 0.31-a0-263-ge8cad7f256 (webtiles) character file.

Game seed: 17769033305736291296

14129 Iniera the Martial Artist (level 11, -3/89 HPs)
             Began as a Demonspawn Brigand on July 13, 2023.
             Was a Believer of Uskayaw.
             Slain by a red devil
             ... wielding a +0 trident
              (18 damage)
             ... in a Gauntlet.
             The game lasted 00:16:57 (11640 turns).

Iniera the Martial Artist (Demonspawn Brigand)     Turns: 11640, Time: 00:16:57

Health: -3/89      AC: 17    Str: 15    XL:     11   Next: 84%
Magic:  17/17      EV: 11    Int: 13    God:    Uskayaw [**....]
Gold:   787        SH: 11    Dex: 15    Spells: 10/10 levels left

rFire   + .          .
                       - Unarmed
rCold   . . .        o - +0 kite shield
rNeg    . . .        s - +0 chain mail {rF+}
rPois   .            z - +2 hat
rElec   .            x - +2 cloak
rCorr   .            (gloves unavailable)
SInv    .            (no boots)
Will    .....        f - amulet of regeneration Stlth
                     m - +5 ring of evasion
HPRegen 2.14/turn    (no ring)
MPRegen 0.15/turn

%: no teleportation
@: spiked, invisible
A: claws 3, powered by death 1, sharp scales 1, condensation shield
a: Renounce Religion, Stomp, Line Pass


You were in a Gauntlet.
You worshipped Uskayaw.
Uskayaw was aware of your devotion.
You visited 2 branches of the dungeon, and saw 12 of its levels.
You also visited: Gauntlet.

You collected 787 gold pieces.

Inventory:

Missiles
 d - 34 poisoned darts (quivered)
 q - 3 silver javelins
Armour
 o - a +0 kite shield (worn)
 s - a +0 chain mail of fire resistance (worn)
 x - a +2 cloak (worn)
 z - a +2 hat (worn)
Jewellery
 e - an amulet of guardian spirit
 f - an amulet of regeneration (around neck)
 m - a +5 ring of evasion (left claw)
 E - a ring of wizardry
Wands
 c - a wand of paralysis (9)
 j - a wand of mindburst (5)
 l - a wand of roots (17)
Scrolls
 g - a scroll of silence
 k - 3 scrolls of blinking
 r - 3 scrolls of revelation
 u - 2 scrolls of poison
 v - 2 scrolls of teleportation
 y - 2 scrolls of enchant armour
Potions
 a - 3 potions of berserk rage {unknown}
 b - a potion of lignification
 h - 3 potions of mutation
 i - 2 potions of enlightenment
 n - 7 potions of curing
 p - 2 potions of attraction
 t - 3 potions of invisibility
 w - a potion of ambrosia
 A - a potion of resistance {unknown}
 B - 2 potions of might {unknown}
 C - a potion of cancellation {unknown}
 D - a potion of brilliance {unknown}


   Skills:
 * Level 9.2 Fighting
 - Level 1.7 Short Blades
 - Level 2.0 Throwing
 + Level 7.5 Armour
 - Level 0.8 Dodging
 - Level 3.6 Stealth
 * Level 7.9 Shields
 + Level 9.5 Unarmed Combat
 + Level 8.7 Invocations


You had 10 spell levels left.
You didn't know any spells.
Your spell library contained the following spells:

 Spells                   Type           Power      Damage    Failure   Level
 Apportation              Tloc           0%         N/A       100%        1
 Magic Dart               Conj           0%         1d3       100%        1
 Necrotise                Necr           0%         1d4       100%        1
 Summon Small Mammal      Summ           0%         N/A       100%        1
 Call Imp                 Summ           0%         N/A       100%        2
 Cigotuvi's Dreadful Rot  Necr/Pois/Air  0%         N/A       100%        2
 Static Discharge         Conj/Air       0%         2-2/arc   100%        2
 Sublimation of Blood     Necr           0%         N/A       100%        2
 Dazzling Flash           Conj/Hex       0%         N/A       100%        3
 Frozen Ramparts          Ice            0%         1d1       100%        3
 Gell's Gravitas          Tloc           0%         N/A       100%        3
 Ignite Poison            Fire/Tmut/Pois 0%         N/A       100%        3
 Mephitic Cloud           Conj/Pois/Air  0%         N/A       100%        3
 Teleport Other           Tloc           0%         N/A       100%        3
 Airstrike                Air            0%         2d(0-16)  100%        4
 Petrify                  Tmut/Erth      0%         N/A       100%        4
 Summon Lightning Spire   Summ/Air       0%         N/A       100%        4
 Agony                    Necr           0%         N/A       100%        5
 Freezing Cloud           Conj/Ice/Air   0%         6-21      100%        5
 Irradiate                Conj/Tmut      0%         3d11      100%        5
 Metabolic Englaciation   Hex/Ice        0%         N/A       100%        5
 Silence                  Hex/Air        0%         N/A       100%        5
 Dispersal                Tloc           0%         N/A       100%        6


Dungeon Overview and Level Annotations

Branches:
Dungeon (11/15)            Temple (1/1) D:7            Lair (0/5) D:8
    Orc (0/2) D:11        Gauntlet (1/1)

Altars:
Ashenzari
Cheibriados
Dithmenos
Fedhas
Gozag
Hepliaklqana
Kikubaaqudgha
Makhleb
Nemelex Xobeh
Okawaru
Qazlal
Ru
Sif Muna
Trog
Uskayaw
Vehumet
Wu Jian
Xom
Yredelemnul

Shops:
D:7 [

Annotations:
Gauntlet 15 transporters, 21 runed translucent doors


Innate Abilities, Weirdness & Mutations

You have claws for hands.
You regenerate a little health from kills.
You are partially covered in razor-sharp scales. (AC +1, Slay +1)
A meltable shield of frost defends you. (SH +0)


Message History

You block the crimson imp's attack. You block the smoke demon's attack.
The smoke demon hits you.
The smoke demon hits you but does no damage.
The red devil hits you but does no damage.
You barely miss the smoke demon.
The smoke demon is lightly wounded.
You carefully extract the barbed spikes from your body.
The crimson imp disappears for a moment.
You block the crimson imp's attack. The red devil barely misses you.
The smoke demon gestures at you. Something smites you!
You scratch the smoke demon.
The smoke demon is moderately wounded.
The red devil hits you from afar with a +0 trident.
Barbed spikes become lodged in your body.
The crimson imp blinks!
The smoke demon closely misses you. The smoke demon barely misses you.
You block the smoke demon's attack.
You catch the helpless smoke demon completely off-guard!
You claw the smoke demon!
The smoke demon is heavily wounded.
The crimson imp closely misses you. The smoke demon barely misses you.
You block the smoke demon's attack. The smoke demon closely misses you.
The red devil hits you from afar with a +0 trident!
Barbed spikes become lodged in your body.
You block the crimson imp's attack.
The crimson imp blinks!
You can now pass through a line of other dancers.
You catch the helpless smoke demon completely off-guard!
You claw the smoke demon!
The smoke demon is almost dead.
The crimson imp barely misses you.
The crimson imp hits you but does no damage.
The red devil hits you from afar with a +0 trident!!
* * * LOW HITPOINT WARNING * * *
Barbed spikes become lodged in your body.
The smoke demon closely misses you. The smoke demon barely misses you.
You block the smoke demon's attack.
You mangle the smoke demon!!
You kill the smoke demon!
The red devil hits you from afar with a +0 trident!!
You die...

.........©...........©#≈≈≈≈8§§≈≈#
#########.#######################
........#.#§≈8≈≈#§.........©.....
........#.#######################
######..#.#...#.#5..#.#..).©....#
8# #8#..#.#..#...#..#.#..##.##..#
## ###..#.#.##...##.#.#.#..#..#.#
#..#.#..##.#..##.#.#..#..#.#
###..#©#©.#.5@5..#.#..#####..#
#8#..###).##.#.4##.#.#..#©.#.#
###....#[##...##§#.#.#..#..#.#
#....#.5#...#..#.#..##.##..#
###..#...#.#.35#.#.........#
#8#..###########.###########
###...................©.....
#§........................
###################§§.####


You could see a red devil (unable to see you) and 2 crimson imps.

Vanquished Creatures
  A two-headed ogre (D:10)
  A smoke demon (Gauntlet)
  A gargoyle (D:11)
  Psyche (D:11)
  2 trolls
  2 hornets
  2 slime creatures (Gauntlet)
  Sigmund (D:2)
  A shadow (D:10)
  2 wyverns
  A vampire (D:10)
  A wraith (D:10)
  40 yaks
  Edmund (D:5)
  A water moccasin (D:8)
  Duvessa (D:5)
  A sky beast (D:6)
  An ice beast (D:6)
  7 orc warriors
  3 black bears
  2 ogres
  7 centaurs
  2 phantoms
  2 kobold brigands
  9 bullfrogs
  A gnoll sergeant (D:6)
  3 scorpions
  A wight (D:8)
  Dowan (D:5)
  4 killer bees (D:8)
  4 howler monkeys
  4 jellies
  Crazy Yiuf (D:2)
  12 orc priests
  5 hounds
  5 iguanas
  11 orc wizards
  3 sleepcaps
  15 gnolls
  A river rat (D:5)
  8 adders
  3 shadow imps
  3 ufetubi
  3 worms
  5 dart slugs
  24 orcs
  A bat (D:3)
  9 endoplasms
  2 giant cockroaches
  5 goblins
  7 hobgoblins
  6 jackals
  6 quokkas
  8 ball pythons
  4 frilled lizards
  14 kobolds
  11 rats
283 creatures vanquished.

Vanquished Creatures (others)
  An orc (D:8)
1 creature vanquished.

Grand Total: 284 creatures vanquished

Notes
Turn   | Place    | Note
-------+----------+-------------------------------------------
     0 | D:1      | Iniera the Demonspawn Brigand began the quest for the Orb.
     0 | D:1      | Reached XP level 1. HP: 16/16 MP: 1/1
   215 | D:1      | Gained mutation: You have sharp fingernails. [demonic
                  | ancestry]
   215 | D:1      | Reached XP level 2. HP: 19/23 MP: 2/2
   278 | D:1      | Found a faded altar of an unknown god.
   379 | D:1      | Reached skill level 1 in Armour
   416 | D:1      | Reached skill level 1 in Unarmed Combat
   911 | D:2      | Reached XP level 3. HP: 24/28 MP: 3/3
   995 | D:2      | Found a runed translucent door.
   996 | D:2      | Noticed Crazy Yiuf
  1078 | D:2      | Identified the +2 whip of Norcheex {venom, rC+ rN+}
  1218 | D:2      | Noticed Sigmund
  1229 | D:2      | Killed Sigmund
  1230 | D:2      | Reached XP level 4. HP: 34/35 MP: 4/4
  1230 | D:2      | Gained mutation: You regenerate a little health from kills.
                  | [demonic ancestry]
  1230 | D:2      | Reached XP level 5. HP: 40/41 MP: 5/5
  1633 | D:2      | Killed Crazy Yiuf
  1898 | D:3      | HP: 1/41 [orc priest/divine providence (12)]
  2147 | D:3      | Gained mutation: You have very sharp fingernails. [demonic
                  | ancestry]
  2147 | D:3      | Reached XP level 6. HP: 40/47 MP: 6/6
  2235 | D:4      | Found a shadowy altar of Dithmenos.
  3179 | D:5      | Entered Level 5 of the Dungeon
  3190 | D:5      | Gained mutation: You have claws for hands. [demonic
                  | ancestry]
  3190 | D:5      | Reached XP level 7. HP: 42/54 MP: 7/7
  3319 | D:5      | Reached skill level 5 in Unarmed Combat
  3542 | D:5      | Noticed Edmund
  3779 | D:5      | Killed Edmund
  3780 | D:5      | Reached skill level 5 in Fighting
  3780 | D:5      | Gained mutation: A meltable shield of frost defends you.
                  | (SH +0) [demonic ancestry]
  3780 | D:5      | Reached XP level 8. HP: 48/62 MP: 8/8
  4092 | D:5      | Noticed Duvessa
  4092 | D:5      | Noticed Dowan
  4105 | D:5      | HP: 3/62 [Duvessa/+3 short sword of flaming (3)]
  4331 | D:3      | Found an iron altar of Okawaru.
  5170 | D:6      | Found a snail-covered altar of Cheibriados.
  5190 | D:6      | Found a bloodstained altar of Trog.
  5414 | D:6      | Noticed a troll
  5463 | D:6      | Killed a troll
  5464 | D:6      | Reached skill level 5 in Armour
  5464 | D:6      | Reached skill level 1 in Shields
  5872 | D:6      | Reached XP level 9. HP: 69/69 MP: 9/9
  6364 | D:5      | Killed Duvessa
  6377 | D:5      | Killed Dowan
  6938 | D:7      | Reached skill level 1 in Invocations
  7063 | D:7      | Found a staircase to the Ecumenical Temple.
  7084 | Temple   | Entered the Ecumenical Temple
  7182 | Temple   | Became a worshipper of Uskayaw the Reveller
  7319 | D:7      | Found a sacrificial altar of Ru.
  7331 | D:7      | Reached * piety under Uskayaw
  7348 | D:7      | Found Dyminyf's Armour Emporium.
  7355 | D:7      | Reached ** piety under Uskayaw
  7360 | D:7      | Reached *** piety under Uskayaw
  7439 | D:7      | Found a blossoming altar of Fedhas.
  7576 | D:7      | Noticed a troll
  7584 | D:7      | Killed a troll
  7735 | D:7      | Reached **** piety under Uskayaw
  7739 | D:7      | Reached ***** piety under Uskayaw
  7861 | D:7      | Identified the +1 rapier "Jelly's Demise" {drain, Drain
                  | rElec Dex+5}
  8104 | D:8      | Gained mutation: You are partially covered in razor-sharp
                  | scales. (AC +1, Slay +1) [demonic ancestry]
  8104 | D:8      | Reached XP level 10. HP: 77/77 MP: 10/12
  8127 | D:8      | Reached ****** piety under Uskayaw
  8133 | D:8      | Reached skill level 5 in Shields
  8386 | D:8      | Found a staircase to the Lair.
  8420 | D:8      | Reached skill level 5 in Invocations
  8589 | D:8      | Found a hazy altar of Hepliaklqana.
  9473 | D:8      | Reached XP level 11. HP: 38/85 MP: 9/16
  9881 | D:9      | Found a burning altar of Makhleb.
  9881 | D:9      | Noticed a balrug
  9942 | D:9      | Paralysed by a hornet for 1 turns
 10161 | D:10     | Entered Level 10 of the Dungeon
 10660 | D:10     | Found a stormy altar of Qazlal.
 10920 | D:10     | Noticed a two-headed ogre
 10926 | D:10     | Killed a two-headed ogre
 11170 | D:11     | Noticed Psyche
 11177 | D:11     | Killed Psyche
 11206 | D:11     | Found a gate leading to a gauntlet.
 11218 | Gauntlet | Entered a Gauntlet
 11218 | Gauntlet | Found a transporter.
 11253 | Gauntlet | Noticed a shining eye
 11263 | Gauntlet | Found a transporter.
 11274 | Gauntlet | Found a transporter.
 11279 | Gauntlet | Found a transporter.
 11279 | Gauntlet | Noticed a glowing orange brain
 11289 | Gauntlet | Noticed a brown ugly thing
 11290 | Gauntlet | Noticed a red ugly thing
 11294 | Gauntlet | Found a transporter.
 11313 | Gauntlet | Found a transporter.
 11321 | Gauntlet | Found a large runed translucent door.
 11322 | Gauntlet | Found a large runed translucent door.
 11323 | Gauntlet | Found a large runed translucent door.
 11323 | Gauntlet | Found a large runed translucent door.
 11324 | Gauntlet | Found a runed translucent gate.
 11325 | Gauntlet | Found a transporter.
 11325 | Gauntlet | Found a runed translucent gate.
 11326 | Gauntlet | Found a runed translucent gate.
 11327 | Gauntlet | Found a large runed translucent door.
 11327 | Gauntlet | Found a large runed translucent door.
 11327 | Gauntlet | Found a runed translucent door.
 11327 | Gauntlet | Found a runed translucent door.
 11328 | Gauntlet | Found a large runed translucent door.
 11329 | Gauntlet | Found a large runed translucent door.
 11331 | Gauntlet | Found a transporter.
 11336 | Gauntlet | Found a large runed translucent door.
 11336 | Gauntlet | Found a large runed translucent door.
 11337 | Gauntlet | Found a large runed translucent door.
 11338 | Gauntlet | Found a large runed translucent door.
 11346 | Gauntlet | Found a transporter.
 11357 | Gauntlet | Noticed a glowing orange brain
 11358 | Gauntlet | Found a transporter.
 11370 | Gauntlet | Found a transporter.
 11370 | Gauntlet | Noticed a death yak
 11370 | Gauntlet | Noticed a death yak
 11371 | Gauntlet | Noticed a death yak
 11371 | Gauntlet | Noticed a white ugly thing
 11371 | Gauntlet | Noticed a death yak
 11372 | Gauntlet | Noticed a death yak
 11373 | Gauntlet | Noticed a green ugly thing
 11387 | Gauntlet | Found a transporter.
 11387 | Gauntlet | Found a transporter.
 11409 | Gauntlet | Found a transporter.
 11409 | Gauntlet | Found a transporter.
 11427 | Gauntlet | Found a large runed translucent door.
 11427 | Gauntlet | Found a large runed translucent door.
 11428 | Gauntlet | Found a large runed translucent door.
 11429 | Gauntlet | Found a large runed translucent door.
 11435 | Gauntlet | Found a transporter.
 11502 | Gauntlet | Found a transporter.
 11544 | Gauntlet | Found a transporter.
 11640 | Gauntlet | Slain by a red devil

Illustrated notes

Levels and vault maps discovered:
D:1:      onia_arrival_mini_spirals, layout_basic, ebering_ecumenical_altar_box
D:2:      layout_basic, minmay_box_of_dots, uniq_crazy_yiuf_cottage,
          uniq_sigmund
D:3:      layout_loops_ring, amcnicky_altar_gilded, kennysheep_orc_chapel
D:4:      layout_basic, mainiacjoe_overflow_concentric_impassable,
          nicolae_the_louvre
D:5:      layout_rooms, mainiacjoe_overflow_catwalk, portal_sewer_entry_e,
          minivault_1, roderic_roman_lattice, st_stairs_6, corner_web_ring,
          uniq_edmund, uniq_duvessa
D:6:      layout_basic, kennysheep_mini, slow_altar_2
D:7:      layout_loops_ring, nicolae_ru_awakened_eye,
          fedhas_bush_and_centaur_altar, minmay_temple_entry_trees,
          serial_shops, shop, hangedman_abyss_or_decor_stagger,
          minmay_fractal_squares_5
D:8:      minmay_bubble_buster, layout_basic, mainiacjoe_overflow_24_doors,
          lair_entry_dummy
D:9:      layout_cave_pools, makhleb_altar_promises_db
D:10:     layout_roguey, mainiacjoe_overflow_alcove_1
D:11:     layout_roguey, erik_orc_4, gauntlet_entry_generic, uniq_psyche
Temple:   hc_temple_tempest_star
Gauntlet: gammafunk_gauntlet_one_two_three [nicolae_gauntlet_arena_quarters,
          gammafunk_gauntlet_arena_chambers,
          gammafunk_gauntlet_arena_split_diamond,
          gammafunk_gauntlet_arena_teeth, gammafunk_gauntlet_arena_arrow_garden,
          gammafunk_gauntlet_arena_split_x,
          minmay_gauntlet_arena_make_your_own_arena,
          gammafunk_gauntlet_arena_crates, gammafunk_gauntlet_arena_corners,
          gauntlet_exit_watery]

Skill      XL: |  1  2  3  4  5  6  7  8  9 10 11 |
---------------+----------------------------------+-----
Throwing       | 2 |  2.0
Armour         | 1 2 3 4 5 6 7 |  7.5
Unarmed Combat | 1 3 4 5 7 8 9 |  9.5
Fighting       | 3 4 5 6 7 9 |  9.2
Shields        | 2 4 6 7 |  7.9
Invocations    | 3 7 8 |  8.7
Short Blades   | |  1.7
Dodging        | |  0.8
Stealth        | |  3.6

Action                     |  1- 3 |  4- 6 |  7- 9 | 10-12 || total
---------------------------+-------+-------+-------+-------++-------
  Melee: Dagger            |   112 |    80 |       |       ||   192
         Punch             |     1 |     3 |     5 |       ||     9
         Unarmed           |       |   100 |   414 |   389 ||   903
  Throw: Dart              |     3 |     7 |     1 |       ||    11
 Invoke: Line Pass         |       |       |       |     5 ||     5
         Stomp             |       |       |       |     2 ||     2
    Use: Potion            |       |     2 |     4 |     3 ||     9
         Scroll            |       |     9 |     4 |     7 ||    20
   Stab: Sleeping          |     5 |       |       |       ||     5
         Paralysed         |       |       |     2 |    28 ||    30
         Confused          |       |       |       |     3 ||     3
         Invisible         |       |       |       |     2 ||     2
 Armour: Ring mail         |    50 |       |       |       ||    50
         Chain mail        |     2 |   122 |   177 |   154 ||   455
         Skin              |       |       |    12 |       ||    12
  Dodge: Dodged            |    48 |    59 |    99 |    94 ||   300
  Block: Other             |       |       |    16 |       ||    16
         Kite shield       |       |       |   131 |   299 ||   430

Table legend: (Time is in decaauts)
 A = Elapsed time spent in this place.
 B = Non-inter-level travel time spent in this place.
 C = Inter-level travel time spent in this place.
 D = Time resting spent in this place.
 E = Time spent auto-exploring this place.
 F = Levels seen in this place.
 G = Mean time per level.
                   A        B        C        D        E       F      G
               +--------+--------+--------+--------+--------+-----+--------+
         Total |  11596 |  10985 |    611 |    820 |   7928 |  13 |  892.0 |
       Dungeon |  11066 |  10468 |    598 |    820 |   7522 |  11 | 1006.0 |
        Temple |    110 |     98 |     12 |      0 |     84 |   1 |  110.0 |
      Gauntlet |    419 |    419 |      0 |      0 |    322 |   1 |  419.0 |
               +--------+--------+--------+--------+--------+-----+--------+

Top non-repeatable levels by time:
     D:8: 1672 daAuts
     D:6: 1478 daAuts
     D:5: 1246 daAuts
     D:2: 1178 daAuts
     D:4: 1038 daAuts
     D:3: 1019 daAuts
     D:7: 960 daAuts
    D:10: 909 daAuts
     D:1: 893 daAuts
     D:9: 526 daAuts
Gauntlet: 419 daAuts
    D:11: 143 daAuts
  Temple: 110 daAuts
